 Dungeon Crawl Stone Soup version 0.31-a0-188-g5e087ee2ca (webtiles) character file.

Game seed: 2378122233386445163

496 gelatine the Chopper (level 6, -9/47 HPs)
             Began as a Demonspawn Fighter on June 24, 2023.
             Mangled by a sixfirhy (12 damage)
             ... summoned by a kobold demonologist
             ... on level 5 of the Dungeon.
             The game lasted 00:09:28 (3436 turns).

gelatine the Chopper (Demonspawn Fighter)           Turns: 3436, Time: 00:09:31

Health: -9/47      AC: 11    Str: 18    XL:     6   Next: 93%
Magic:  6/6        EV: 10    Int:  9    God:
Gold:   203        SH:  5    Dex: 13    Spells: 5/5 levels left

rFire   + . .        a - +0 war axe
rCold   + + .        c - +0 buckler
rNeg    . . .        b - +0 scale mail
rPois   .            (no helmet)
rElec   .            e - scarf {rC+ rF+}
rCorr   .            u - +0 pair of gloves
SInv    .            (no boots)
Will    +....        (no amulet) Stlth
                     t - ring of willpower
HPRegen 0.27/turn    C - ring of protection from cold
MPRegen 0.20/turn

%: no passive effects
@: no status effects
A: molten scales 2, magic regeneration, no potion heal 1
a: no special abilities


You were on level 5 of the Dungeon.
You visited 1 branch of the dungeon, and saw 5 of its levels.

You collected 203 gold pieces.

Inventory:

Hand Weapons
 a - a +0 war axe (weapon)
Missiles
 h - 17 stones (quivered)
 s - 14 poisoned darts
 v - 6 boomerangs
 D - 4 atropa-tipped darts
Armour
 b - a +0 scale mail (worn)
 c - a +0 buckler (worn)
 e - a scarf of resistance (worn)
 g - a +0 cloak
 u - a +0 pair of gloves (worn)
 w - a +0 ring mail
 A - a +0 chain mail
 B - a +0 plate armour
Jewellery
 q - an amulet of faith
 r - a ring of ice
 t - a ring of willpower (left hand)
 C - a ring of protection from cold (right hand)
Wands
 y - a wand of polymorph (12)
Scrolls
 f - 2 scrolls of fog {unknown}
 j - a scroll of teleportation {unknown}
 l - 5 scrolls of identify {unknown}
 n - a scroll of blinking {unknown}
 x - a scroll of enchant weapon {unknown}
Potions
 d - a potion of might
 i - 2 potions of enlightenment {unknown}
 k - 2 potions of degeneration {unknown}
 m - 2 potions of curing {unknown}
 o - a potion of heal wounds {unknown}
 p - 2 potions of mutation {unknown}
 z - a potion of attraction {unknown}
 E - a potion of lignification {unknown}


   Skills:
 * Level 3.5 Fighting
 * Level 4.7 Axes
 * Level 3.9 Armour
 * Level 2.4 Dodging
 + Level 0.2 Stealth
 * Level 3.4 Shields


You had 5 spell levels left.
You didn't know any spells.
Your spell library contained the following spells:

 Spells                   Type           Power      Damage    Failure   Level
 Freeze                   Ice            0%         1d3       85%         1
 Sting                    Tmut/Pois      0%         1d3       85%         1
 Blink                    Tloc           0%         N/A       94%         2
 Ensorcelled Hibernation  Hex/Ice        0%         N/A       94%         2
 Lesser Beckoning         Tloc           0%         N/A       94%         2
 Momentum Strike          Conj/Tloc      0%         3d8       94%         2
 Passwall                 Tmut/Erth      0%         N/A       94%         2
 Poisonous Vapours        Pois/Air       0%         N/A       94%         2
 Frozen Ramparts          Ice            0%         1d1       99%         3
 Hailstorm                Conj/Ice       0%         3d3       99%         3
 Spider Form              Tmut/Pois      0%         N/A       99%         3
 Swiftness                Air            0%         N/A       99%         3
 Anguish                  Hex/Necr       0%         N/A       100%        4
 Olgreb's Toxic Radiance  Pois           0%         N/A       100%        4


Dungeon Overview and Level Annotations

Branches:
Dungeon (5/15)
 Temple: D:4-7

Altars:
Fedhas
Gozag
Ru
Uskayaw


Innate Abilities, Weirdness & Mutations

You are mostly covered in molten scales. (AC +3)
You regenerate magic rapidly.
Potions are less effective at restoring your health.


Message History

The kobold demonologist shouts!
A kobold demonologist comes into view. It is wielding a +0 dagger.
Things that are here:
a +0 club; a kobold corpse The kobold demonologist shouts!
A kobold comes into view.
It is wielding a +0 short sword and quivering poisoned darts.
You throw a stone.
The stone hits the kobold demonologist but does no damage.
The kobold demonologist begins to cast a cantrip, but forgets the words!
You throw a stone.
The stone hits the kobold demonologist but does no damage.
The kobold demonologist mumbles some strange words.
The neqoxec gestures at you.
Something tries to feed on your intellect!
You closely miss the kobold demonologist.
You block the kobold demonologist's attack.
The neqoxec gestures at you.
Strange energies course through your body.
Your system partially rejects the healing effects of potions.
The kobold demonologist mumbles some strange words.
You barely miss the kobold demonologist.
You hit the kobold demonologist but do no damage.
The sixfirhy hits you. The sixfirhy shocks you!
The kobold demonologist hits you but does no damage.
You block the kobold demonologist's attack.
Unknown command.
You closely miss the kobold demonologist.
You hit the kobold demonologist but do no damage.
You barely miss the sixfirhy.
The kobold demonologist mumbles some strange words.
The kobold demonologist hits you but does no damage.
Unknown command.
You barely miss the kobold demonologist.
You miss the kobold demonologist. You closely miss the sixfirhy.
The sixfirhy hits you! The sixfirhy shocks you!
* * * LOW HITPOINT WARNING * * *
The sixfirhy hits you!
* * * LOW HITPOINT WARNING * * *
The sixfirhy shocks you!
You die...

#.#...##..#.#
#....###....# .....
##...##....## .....
#...##..### ##.....
##...#...#####.......
#..#........3........
#............K.3...§.
#.........#..3KK≈≈§≈≈§
.....##...#.###.@≈§≈§§§.
....##....#.# ##.≈≈§§§..
##..#..##...# #)§≈≈≈≈§.
##.#... ##..# #..§≈§≈≈≈
......# #..####........
....######...........#..
....#........########.§.
.......###..## ...
.......###..# ..


You could see a soul eater (summoned), 2 kobold demonologists, a sixfirhy
(summoned), a neqoxec (summoned) and a kobold.

Vanquished Creatures
  An ice beast (D:3)
  A phantom (D:5)
  An ogre (D:5)
  A kobold brigand (D:5)
  7 adders
  3 worms
  3 dart slugs
  7 orcs
  An endoplasm (D:2)
  4 giant cockroaches
  9 goblins
  10 hobgoblins
  4 jackals (D:4)
  9 kobolds
  4 quokkas
  8 ball pythons
  5 bats
  3 frilled lizards
  4 rats
85 creatures vanquished.

Notes
Turn   | Place    | Note
-------+----------+-------------------------------------------
     0 | D:1      | gelatine the Demonspawn Fighter began the quest for the
                  | Orb.
     0 | D:1      | Reached XP level 1. HP: 18/18 MP: 1/1
   121 | D:1      | Gained mutation: You regenerate magic rapidly. [demonic
                  | ancestry]
   121 | D:1      | Reached XP level 2. HP: 15/24 MP: 2/2
   225 | D:1      | Reached skill level 2 in Axes
   484 | D:1      | Gained mutation: You are partially covered in molten
                  | scales. (AC +2) [demonic ancestry]
   484 | D:1      | Reached XP level 3. HP: 28/29 MP: 3/3
   675 | D:2      | Reached skill level 1 in Dodging
   955 | D:2      | Reached XP level 4. HP: 35/35 MP: 4/4
  1384 | D:3      | Found a blossoming altar of Fedhas.
  1447 | D:3      | Found a sacrificial altar of Ru.
  1512 | D:3      | Noticed an ice beast
  1524 | D:3      | Killed an ice beast
  1525 | D:3      | Reached skill level 3 in Axes
  1525 | D:3      | Gained mutation: You are mostly covered in molten scales.
                  | (AC +3) [demonic ancestry]
  1525 | D:3      | Reached XP level 5. HP: 16/41 MP: 5/5
  2356 | D:4      | Noticed a +0 spear
  2357 | D:4      | Noticed a +0 spear
  2358 | D:4      | Noticed a +0 dagger
  2358 | D:4      | Noticed a +0 falchion
  2358 | D:4      | Noticed a +0 falchion
  2358 | D:4      | Noticed a +0 short sword
  2359 | D:4      | Noticed a +0 dagger
  2363 | D:4      | Noticed a +0 short sword
  2366 | D:4      | Found a hide-covered altar of Uskayaw.
  2906 | D:5      | Entered Level 5 of the Dungeon
  2917 | D:5      | Noticed an ogre
  2926 | D:5      | Killed an ogre
  2927 | D:5      | Reached skill level 4 in Axes
  2927 | D:5      | Reached XP level 6. HP: 4/47 MP: 6/6
  3329 | D:5      | Found an opulent altar of Gozag.
  3427 | D:5      | Noticed a kobold demonologist
  3427 | D:5      | Noticed a kobold demonologist
  3432 | D:5      | Noticed a neqoxec
  3433 | D:5      | Gained mutation: Potions are less effective at restoring
                  | your health. [a neqoxec]
  3434 | D:5      | Noticed a sixfirhy
  3436 | D:5      | Noticed a soul eater
  3436 | D:5      | Mangled by a sixfirhy

Illustrated notes

Levels and vault maps discovered:
D:1:      dpeg_arrival_erosion, layout_rooms, minmay_pentomino_t2
D:2:      layout_rooms
D:3:      layout_rooms, general_overflow_altar, fedhas_altar_4
D:4:      layout_gridville, nicolae_uskayaw_en_pointe
D:5:      layout_rooms, mainiacjoe_overflow_catwalk

Skill      XL: |  1  2  3  4  5 |
---------------+----------------+-----
Armour         | 3 |  3.9
Axes           | 2 3 4 |  4.7
Dodging        | 1 2 |  2.4
Shields        | 3 |  3.4
Fighting       | |  3.5
Stealth        | |  0.2

Action                     |  1- 3 |  4- 6 || total
---------------------------+-------+-------++-------
  Melee: War axe           |   125 |   160 ||   285
  Throw: Stone             |     8 |    19 ||    27
 Armour: Scale mail        |    82 |    39 ||   121
         Leather armour    |       |    28 ||    28
  Dodge: Dodged            |    74 |    78 ||   152
  Block: Buckler           |    23 |    42 ||    65

Table legend: (Time is in decaauts)
 A = Elapsed time spent in this place.
 B = Non-inter-level travel time spent in this place.
 C = Inter-level travel time spent in this place.
 D = Time resting spent in this place.
 E = Time spent auto-exploring this place.
 F = Levels seen in this place.
 G = Mean time per level.
                   A        B        C        D        E       F      G
               +--------+--------+--------+--------+--------+-----+--------+
         Total |   3550 |   3370 |    180 |      0 |   2375 |   5 |  710.0 |
       Dungeon |   3550 |   3370 |    180 |      0 |   2375 |   5 |  710.0 |
               +--------+--------+--------+--------+--------+-----+--------+

Top non-repeatable levels by time:
     D:4: 1051 daAuts
     D:3: 706 daAuts
     D:1: 678 daAuts
     D:2: 567 daAuts
     D:5: 546 daAuts
